AoeStats
← Fabian

Black Forest

509757549Analyzed
2v2 RM · 6d ago on Sep 27, 2026· 95m 53s· 4 players
Game mode
Random Map
Map size
Medium (4 player)
Population
200
Speed
Normal
Resources
Standard
Victory
Conquest
Starting age
Dark Age
Ending age
Imperial Age
RankedLock teamsTeams togetherTeam positionsShared explorationLock speedFull tech treeHidden civsTurbo modeCheats
Victory
Defeat
🇺🇸 Celts · United States
923
+17
🇨🇱 Burgundians · Chile
891
+19
🇧🇷 Bohemians · Brazil
948
-18
🇧🇷 Persians · Brazil
947
-18
TheJustice
0:34 Loom
21:03 Feudal Age
22:02 Double-Bit Axe
26:57 Horse Collar
31:25 Castle Age
30:14 Fletching
33:00 Fortified Wall
35:11 Bow Saw
34:49 Town Watch
35:41 Wheelbarrow
39:59 Bodkin Arrow
43:28 Hand Cart
43:19 Gold Mining
47:15 Imperial Age
44:49 Stone Mining
45:26 Ballistics
45:36 Caravan
47:19 Heavy Scorpion
48:13 Furor Celtica
48:24 Conscription
49:54 Chemistry
49:36 Gold Shaft Mining
49:40 Siege Engineers
50:12 Capped Ram
51:42 Siege Ram
64:08 Scale Mail Armor
64:19 Forging
65:21 Chain Mail Armor
67:22 Masonry
72:08 Iron Casting
72:03 Plate Mail Armor
76:00 Town Patrol
82:56 Onager
87:51 Siege Onager
90:19 Blast Furnace
88:49 Elite Woad Raider
<Jericho 941>
0:28 Loom
13:12 Feudal Age
15:51 Wheelbarrow
15:08 Double-Bit Axe
16:11 Fishing Lines
16:58 Bow Saw
18:06 Gillnets
20:12 Horse Collar
20:56 Heavy Plow
21:59 Caravan
26:14 Castle Age
25:53 Forging
25:49 Scale Barding Armor
27:17 Husbandry
27:26 Stone Mining
27:27 Gold Mining
27:10 Cavalier
29:13 Two-Man Saw
28:47 Crop Rotation
30:31 Gold Shaft Mining
29:47 Town Watch
31:27 Iron Casting
31:37 Hand Cart
32:04 Chain Barding Armor
38:32 Imperial Age
37:49 Stone Shaft Mining
38:44 Fortified Wall
38:16 Treadmill Crane
38:31 Murder Holes
38:57 Ballistics
39:05 Paladin
40:51 Plate Barding Armor
41:17 Blast Furnace
40:12 Capped Ram
43:47 Town Patrol
46:26 Conscription
47:13 Chemistry
46:46 Block Printing
46:41 Fervor
56:18 Elite Skirmisher
61:37 Fletching
61:48 Padded Archer Armor
62:47 Crossbowman
63:28 Bodkin Arrow
63:48 Leather Archer Armor
65:11 Bracer
70:42 Fervor
70:53 Sanctity
70:58 Illumination
74:05 Squires
73:26 Man-at-Arms
73:52 Arson
74:33 Long Swordsman
75:28 Scale Mail Armor
75:17 Two-Handed Swordsman
76:36 Champion
77:52 Redemption
84:10 Scale Mail Armor
85:32 Guilds
85:49 Masonry
86:27 Atonement
BARBARUIVA
0:27 Loom
15:07 Feudal Age
21:45 Castle Age
20:11 Double-Bit Axe
20:08 Horse Collar
23:35 Fervor
23:47 Sanctity
26:57 Wheelbarrow
29:01 Chemistry
28:22 Ballistics
29:11 Hand Cart
29:51 Bow Saw
32:10 Heavy Plow
32:29 Wagenburg Tactics
37:26 Imperial Age
38:18 Siege Engineers
38:24 Masonry
38:26 Fortified Wall
37:41 Houfnice
38:53 Conscription
38:52 Squires
38:38 Arson
38:14 Pikeman
40:06 Two-Man Saw
40:25 Forging
40:15 Scale Mail Armor
41:35 Halberdier
42:52 Iron Casting
42:33 Chain Mail Armor
45:14 Architecture
44:40 Murder Holes
45:52 Blast Furnace
45:23 Plate Mail Armor
44:45 Fletching
46:19 Elite Hussite Wagon
53:52 Hussite Reforms
63:06 Onager
65:30 Redemption
65:21 Atonement
65:23 Devotion
65:48 Illumination
65:39 Block Printing
65:20 Herbal Medicine
66:01 Theocracy
65:46 Heresy
65:47 Bodkin Arrow
67:10 Faith
75:56 Husbandry
75:17 Light Cavalry
81:44 Scale Barding Armor
81:42 Padded Archer Armor
85:38 Coinage
85:18 Guilds
85:12 Caravan
86:53 Man-at-Arms
88:44 Banking
91:42 Long Swordsman
92:30 Bracer
Fabian
0:28 Loom
27:50 Feudal Age
28:21 Horse Collar
28:31 Double-Bit Axe
32:48 Castle Age
33:50 Wheelbarrow
33:29 Bow Saw
33:22 Heavy Plow
36:02 Hand Cart
36:24 Gold Mining
36:25 Stone Mining
37:45 Masonry
42:25 Stone Shaft Mining
42:29 Gold Shaft Mining
42:10 Scale Barding Armor
42:07 Murder Holes
42:33 Ballistics
43:53 Caravan
46:53 Imperial Age
48:17 Two-Man Saw
47:40 Chain Barding Armor
48:57 Conscription
50:01 Plate Barding Armor
49:15 Elite War Elephant
51:25 Husbandry
51:47 Bloodlines
54:00 Citadels
58:59 Chemistry
79:09 Fletching
80:05 Bodkin Arrow
Connection lost

Rejoining the realm…

Still unreachable

The connection could not be restored.

Session expired

The server has moved on; the page needs a fresh start.